 Dungeon Crawl Stone Soup version 0.23-a0-109-g5e4b187028 (webtiles) character file.

263 Kaname the Conjurer (level 5, 0/35 HPs)
             Began as a Demonspawn Wizard on Aug 22, 2018.
             Slain by Natasha (7 damage)
             ... on level 4 of the Dungeon.
             The game lasted 00:09:03 (3552 turns).

Kaname the Conjurer (Demonspawn Wizard)             Turns: 3552, Time: 00:09:03

Health: 0/35       AC:  4    Str:  7    XL:     5   Next: 98%
Magic:  3/9        EV: 11    Int: 21    God:
Gold:   129        SH:  0    Dex: 11    Spells: 1/10 levels left

rFire    . . .     SeeInvis .   p - +0 morningstar
rCold    . . .     Gourm    .   (no shield)
rNeg     . . .     Faith    .   s - +0 leather armour (curse)
rPois    +         Spirit   .   b - +0 hat
rElec    .         Reflect  .   (no cloak)
rCorr    .         Harm     .   u - +0 pair of gloves
MR       .....                  (no boots)
Stlth    ++........             e - amulet of magic regeneration
HPRegen  0.11/turn              k - ring of poison resistance
MPRegen  0.36/turn              (no ring)

@: very slightly contaminated, slowed, very slow
A: claws 1, nightstalker 1, rot immunity
a: no special abilities


You were on level 4 of the Dungeon.
You were not hungry.

You visited 1 branch of the dungeon, and saw 4 of its levels.

You collected 129 gold pieces.

Inventory:

Hand Weapons
 p - a +0 morningstar (weapon)
 q - a +0 spear
Missiles
 m - 38 arrows
Armour
 b - a +0 hat (worn)
 s - a cursed +0 leather armour (worn)
 u - a +0 pair of gloves (worn)
 v - a +0 buckler
Jewellery
 e - an amulet of magic regeneration (around neck)
 k - a ring of poison resistance (left hand)
Wands
 j - a wand of flame (66)
 l - a wand of disintegration (6)
 o - a wand of acid (10)
Scrolls
 a - a scroll of remove curse
 c - a scroll of blinking {unknown}
 g - 3 scrolls of teleportation
 h - a scroll of amnesia {unknown}
Potions
 f - 2 potions of curing
 i - a potion of flight {unknown}
 n - 2 potions of ambrosia {unknown}
 r - 2 potions of brilliance
Comestibles
 d - 8 rations
 t - 5 chunks of flesh


   Skills:
 - Level 1.7 Dodging
 - Level 1.7 Stealth
 + Level 3.0 Spellcasting
 - Level 6.0 Conjurations
   Level 1.0 Summonings
 - Level 0.8 Translocations


You had one spell level left.
You knew the following spells:

 Your Spells              Type           Power        Failure   Level  Hunger
a - Magic Dart            Conj           ####         1%          1    None
b - Blink                 Tloc           N/A          22%         2    ##.....
c - Mephitic Cloud        Conj/Pois/Air  ##......     26%         3    ###....
d - Conjure Flame         Conj/Fire      ###.....     17%         3    ###....

Your spell library contained the following spells:

 Spells                   Type           Power        Failure   Level  Hunger
 Summon Small Mammal      Summ           #...         13%         1    None
 Call Imp                 Summ           #.......     21%         2    ##.....
 Slow                     Hex            #.......     30%         2    ##.....
 Call Canine Familiar     Summ           #.......     36%         3    ###....
 Summon Guardian Golem    Hex/Summ       #.......     43%         3    ###....
 Summon Ice Beast         Ice/Summ       #.......     85%         4    ####...
 Summon Lightning Spire   Summ/Air       #.......     85%         4    ####...
 Cause Fear               Hex            #.........   89%         4    ####...
 Silence                  Hex/Air        #.........   99%         5    ######.
 Yara's Violent Unravell  Hex/Tmut       #.........   99%         5    ######.
 Deflect Missiles         Chrm/Air       #.........   100%        6    #######
 Discord                  Hex            #.........   100%        8    #######


Dungeon Overview and Level Annotations

Branches:
Dungeon (4/15)
 Temple: D:4-7

Altars:
Cheibriados
Wu Jian
Yredelemnul

Annotations:
D:4 Natasha


Innate Abilities, Weirdness & Mutations

You have sharp fingernails.
You are slightly more attuned to the shadows.
You are immune to rotting.


Message History

The magic dart hits you!
Casting: Magic Dart (safe; 1% risk of failure)
Confirm with . or Enter, or press ? or * to list all spells.
Aiming: Magic Dart (safe; 1% risk of failure)
Press: ? - help, Shift-Dir - straight line, f/p - Natasha
Aim: Natasha (heavily wounded)
The magic dart hits Natasha.
Natasha is heavily wounded.
Natasha barely misses you.
The crimson imp blinks!
Casting: Magic Dart (safe; 1% risk of failure)
Confirm with . or Enter, or press ? or * to list all spells.
Aiming: Magic Dart (safe; 1% risk of failure)
Press: ? - help, Shift-Dir - straight line, f/p - Natasha
Aim: Natasha (heavily wounded)
The magic dart hits Natasha.
Natasha is severely wounded.
Natasha claws you!
* * * LOW HITPOINT WARNING * * *
Natasha claws you!
You die...

... #.# ... #.#
# ####.#
#.#..h.######
###.#.##@......
+......'.......
#####.##...5...
####.#########
##.....#
.....P.P.#
###..._..####
#..P.P....#
##........#


You could see Natasha and a crimson imp.

Vanquished Creatures
  Jessica (D:2)
  Ijyb (D:3)
  Natasha (twice) (D:4)
  3 gnolls (D:3)
  7 adders
  3 worms
  3 dart slugs
  2 leopard geckos
  5 orcs (D:3)
  3 giant cockroaches
  3 goblins
  3 hobgoblins
  9 jackals
  A quokka (D:2)
  8 bats
  3 frilled lizards
  2 kobolds
  7 rats
66 creatures vanquished.

Notes
Turn   | Place    | Note
-------+----------+-------------------------------------------
     0 | D:1      | Kaname the Demonspawn Wizard began the quest for the Orb.
     0 | D:1      | Reached XP level 1. HP: 13/13 MP: 4/4
   284 | D:1      | Reached skill level 2 in Conjurations
   355 | D:1      | Gained mutation: You are slightly more attuned to the shadows. [demonic ancestry]
   355 | D:1      | Reached XP level 2. HP: 11/19 MP: 1/6
  1125 | D:2      | Learned a level 2 spell: Blink
  1279 | D:2      | Noticed Jessica
  1284 | D:2      | Killed Jessica
  1284 | D:2      | Reached skill level 3 in Conjurations
  1284 | D:2      | Reached XP level 3. HP: 24/24 MP: 1/7
  1605 | D:2      | Found an ornate altar of the Wu Jian Council.
  1636 | D:2      | Gained mutation: You have sharp fingernails. [demonic ancestry]
  1636 | D:2      | Reached XP level 4. HP: 25/30 MP: 1/8
  1692 | D:2      | Reached skill level 4 in Conjurations
  1696 | D:2      | Found a snail-covered altar of Cheibriados.
  2245 | D:3      | Learned a level 3 spell: Mephitic Cloud
  2249 | D:3      | Learned a level 3 spell: Conjure Flame
  2477 | D:3      | Noticed Ijyb
  2752 | D:3      | Gained mutation: You are immune to rotting. [demonic ancestry]
  2752 | D:3      | Reached XP level 5. HP: 35/35 MP: 4/9
  2795 | D:3      | Killed Ijyb
  2795 | D:3      | Reached skill level 5 in Conjurations
  3267 | D:4      | Noticed Natasha
  3271 | D:4      | Killed Natasha
  3366 | D:4      | Noticed Natasha
  3370 | D:4      | Killed Natasha
  3402 | D:4      | Reached skill level 6 in Conjurations
  3516 | D:4      | Found a basalt altar of Yredelemnul.
  3539 | D:4      | Noticed Natasha
  3552 | D:4      | Slain by Natasha

Vault maps used:
D:1:      dpeg_arrival_rooms_c
D:2:      lemuel_crystal_altar, nicolae_overflow_crystal_walls, uniq_jessica
D:3:      uniq_ijyb
D:4:      yredelemnul_altar_generic, bloody_trog, kennysheep_little_box,
          minmay_temple_entry_statues, fedhas_altar_fruit_tree, uniq_natasha,
          uniq_duvessa

Skill      XL: |  1  2  3  4  5 |
---------------+----------------+-----
Conjurations   | 2 3 4 6 |  6.0
Dodging        | |  1.7
Stealth        | |  1.7
Spellcasting   | |  3.0
Summonings     | |  1.0
Translocations | |  0.8

Action                   |  1- 3 |  4- 6 || total
-------------------------+-------+-------++-------
Melee: Unarmed           |    33 |       ||    33
       Hand axe          |    12 |    10 ||    22
       Morningstar       |       |    21 ||    21
 Cast: Magic Dart        |    63 |    93 ||   156
       Mephitic Cloud    |       |     2 ||     2
Evoke: Wand              |       |     5 ||     5
  Use: Scroll            |       |     5 ||     5
  Eat: Chunk             |     2 |     6 ||     8
Armor: Robe              |    24 |     2 ||    26
       Leather armour    |       |     8 ||     8
Dodge: Dodged            |    43 |    31 ||    74

Table legend:
 A = Non-vault XP
 B = Vault XP
 C = Vault XP percentage of total XP
 D = Non-vault monster count
 E = Vault monster count
 F = Vault count percentage of total count
                 A         B        C        D         E       F
            +---------+---------+-------+---------+---------+-------
      Total |     270 |     107 |  28.4 |      63 |       3 |   4.5
            +---------+---------+-------+---------+---------+-------
        D:1 |      28 |       0 |   0.0 |      14 |       0 |   0.0
        D:2 |      64 |      37 |  36.6 |      18 |       1 |   5.3
        D:3 |     102 |      35 |  25.5 |      22 |       1 |   4.3
        D:4 |      76 |      35 |  31.5 |       9 |       1 |  10.0
            +---------+---------+-------+---------+---------+-------
